 Dungeon Crawl Stone Soup version 0.27-a0-1180-g7fc4abc71e (webtiles) character file.

Game seed: 11986251552110055957

19 EnegeticOcto the Firebug (level 2, -2/24 HPs)
             Began as a Ghoul Fire Elementalist on May 17, 2021.
             Slain by a gnoll
             ... wielding a +0 flail
              (9 damage)
             ... on level 1 of the Dungeon.
             The game lasted 00:04:36 (784 turns).

EnegeticOcto the Firebug (Ghoul Fire Elementalist)   Turns: 784, Time: 00:04:37

Health: -2/24      AC:  2    Str: 11    XL:     2   Next: 75%
Magic:  0/3        EV: 12    Int: 10    God:
Gold:   0          SH:  0    Dex:  9    Spells: 3/4 levels left

rFire    . . .     SeeInvis .   g - +1 dagger (venom)
rCold    + . .     Faith    .   (no shield)
rNeg     + + +     Spirit   +   a - +0 robe
rPois    ∞         Reflect  .   (no helmet)
rElec    .         Harm     .   (no cloak)
rCorr    .         Rampage  .   (no gloves)
Will     .....                  (no boots)
Stlth    ++........             f - amulet of guardian spirit
HPRegen  0.00/turn              (no ring)
MPRegen  0.08/turn              (no ring)

@: no status effects
A: claws 1, cold resistance 1, negative energy resistance 3, inhibited
regeneration, torment resistance 2
a: no special abilities


You were on level 1 of the Dungeon.
You visited 1 branch of the dungeon, and saw 1 of its levels.

Inventory:

Hand Weapons
 g - a +1 dagger of venom (weapon)
   (You took it off a goblin on level 1 of the Dungeon)
Armour
 a - a +0 robe (worn)
Jewellery
 d - a ring of resist corrosion
   (You found it on level 1 of the Dungeon)
 f - an amulet of guardian spirit (around neck)
   (You found it on level 1 of the Dungeon)
Scrolls
 c - a scroll of holy word {unknown}
 e - a scroll of identify {unknown}
 i - a scroll of teleportation {unknown}
Potions
 b - a potion of degeneration {unknown}
 h - a potion of lignification {unknown}


   Skills:
 + Level 1.6 Fighting
 - Level 1.7 Dodging
 - Level 2.1 Stealth
 - Level 1.6 Unarmed Combat
 - Level 1.7 Spellcasting
 - Level 0.7 Conjurations
 - Level 2.4 Fire Magic


You had 3 spell levels left.
You knew the following spells:

 Your Spells              Type           Power      Damage    Failure   Level
b - Foxfire               Conj/Fire      16%        2x1d4     17%         1

Your spell library contained the following spells:

 Spells                   Type           Power      Damage    Failure   Level
 Conjure Flame            Conj/Fire      4%         6-21      45%         3
 Inner Flame              Hex/Fire       3%         N/A       52%         3
 Sticky Flame             Conj/Fire      4%         2d3       86%         4
 Fireball                 Conj/Fire      2%         3d4       99%         5


Dungeon Overview and Level Annotations

Branches:
Dungeon (1/15)

Altars:


Innate Abilities, Weirdness & Mutations

You thrive by killing the living.
You are immune to poison.
You have sharp fingernails.
Your flesh is cold resistant. (rC+)
You are immune to negative energy. (rN+++)
You do not regenerate when monsters are visible.
You are immune to unholy pain and torment.


Message History

You finish putting on your amulet of guardian spirit.
You feel your power drawn to a protective spirit.
f - an amulet of guardian spirit (around neck)
A goblin comes into view. It is wielding a +1 dagger of venom.
The goblin shouts!
Found a hand axe.
Found a murky green potion.
Casting: Foxfire (safe; 17% risk of failure)
Confirm with . or Enter, or press ? or * to list all spells.
You conjure some foxfire!
You scratch the goblin but do no damage.
The foxfire hits the goblin.
The goblin is severely wounded.
The foxfire hits the goblin.
You kill the goblin!
Things that are here:
a +1 dagger of venom; a goblin corpse Your +1 dagger of venom begins to drip with poison!
g - a +1 dagger of venom (weapon)
You see here a goblin corpse.
h - a murky green potion A bat comes into view.
The bat misses you.
You miss the bat. The bat barely misses you.
You hit the bat.
The bat is poisoned.
The bat is moderately wounded.
You kill the bat!
No target in view!
A jackal comes into view.
Found a scroll labelled GAZUAP DEVUSOE.
A jackal comes into view.
The jackal barks!
A jackal comes into view.
Casting: Foxfire (safe; 17% risk of failure)
Confirm with . or Enter, or press ? or * to list all spells.
You miscast Foxfire.
You are very lightly contaminated with residual magic.
Nothing appears to happen.
A jackal comes into view.
The jackal bites you but does no damage.
Found an escape hatch in the floor.
The jackal bites you but does no damage.
Your magical contamination has completely faded away.
The jackal misses you.
You hit the jackal.
The jackal is poisoned.
The jackal is severely wounded.
The jackal barks!
You hit the jackal but do no damage.
The jackal is poisoned.
The jackal completely misses you.
You barely miss the jackal. The jackal bites you.
You hit the jackal.
You kill the jackal! x2
You feel better. The jackal barely misses you.
You hit the jackal but do no damage.
The jackal is poisoned.
The jackal barely misses you.
You closely miss the jackal.
The jackal is lightly wounded.
The jackal bites you. x2
You barely miss the jackal.
The jackal is severely wounded.
The jackal closely misses you.
You closely miss the jackal.
The jackal is severely wounded.
You kill the jackal!
The jackal bites you.
You hit the jackal but do no damage.
The jackal is poisoned.
The jackal closely misses you.
You hit the jackal.
The jackal is heavily wounded.
The jackal closely misses you.
You barely miss the jackal.
The jackal is moderately wounded.
The jackal barely misses you. The jackal closely misses you.
You hit the jackal but do no damage.
The jackal looks as sick as possible!
The jackal is moderately wounded.
The jackal bites you.
You hit the jackal.
The jackal looks as sick as possible!
The jackal is severely wounded.
The jackal bites you but does no damage.
The jackal closely misses you.
You miss the jackal.
The jackal is almost dead.
You kill the jackal!
HP restored.
You see here a jackal corpse.
i - a scroll labelled GAZUAP DEVUSOE A gnoll comes into view.
It is wielding a +0 flail.
You barely miss the gnoll. The gnoll misses you.
You barely miss the gnoll. The gnoll hits you with a +0 flail.
You barely miss the gnoll. The gnoll hits you with a +0 flail.
You barely miss the gnoll. The gnoll closely misses you.
You hit the gnoll but do no damage.
The gnoll is poisoned.
The gnoll hits you with a +0 flail.
You closely miss the gnoll. The gnoll hits you with a +0 flail!
* * * LOW HITPOINT WARNING * * *
The gnoll looks more healthy.
You closely miss the gnoll.
The gnoll is heavily wounded.
The gnoll hits you with a +0 flail!
You die...

########## #........#
#########........#
#................#
#................#
####.........g@.....##
#............###.....#
+............# #.###.###
###............###.###...#
...).†#.##...#.#.>..####.#
###...#.##...#......####.#
......#.##...#...#.......########
##.##.#.##...#†##...#............
...##.#.##...#.##.....###########


You could see a gnoll.

Vanquished Creatures
  An endoplasm (D:1)
  A goblin (D:1)
  A hobgoblin (D:1)
  6 jackals (D:1)
  2 quokkas (D:1)
  3 bats (D:1)
  A frilled lizard (D:1)
  A kobold (D:1)
  A rat (D:1)
17 creatures vanquished.

Vanquished Creatures (others)
  21 foxfires (D:1)
21 creatures vanquished.

Grand Total: 38 creatures vanquished

Notes
Turn   | Place    | Note
-------+----------+-------------------------------------------
     0 | D:1      | EnegeticOcto the Ghoul Fire Elementalist began the quest
                  | for the Orb.
     0 | D:1      | Reached XP level 1. HP: 14/14 MP: 2/2
   251 | D:1      | Reached skill level 1 in Fighting
   251 | D:1      | Reached skill level 1 in Unarmed Combat
   344 | D:1      | Reached XP level 2. HP: 23/23 MP: 1/3
   784 | D:1      | Slain by a gnoll

Illustrated notes

Levels and vault maps discovered:
D:1:      mainiacjoe_arrival_reflecting_pool, layout_basic

Skill      XL: |  1 |
---------------+----+-----
Fighting       | 1 |  1.6
Unarmed Combat | 1 |  1.6
Dodging        | |  1.7
Stealth        | |  2.1
Spellcasting   | |  1.7
Conjurations   | |  0.7
Fire Magic     | |  2.4

Action                   || total
-------------------------++-------
Melee: Unarmed           ||    20
       Dagger            ||    23
 Cast: Foxfire           ||    13
Armor: Robe              ||     6
Dodge: Dodged            ||    27

Table legend: (Time is in decaauts)
 A = Elapsed time spent in this place.
 B = Non-inter-level travel time spent in this place.
 C = Inter-level travel time spent in this place.
 D = Time resting spent in this place.
 E = Time spent auto-exploring this place.
 F = Levels seen in this place.
 G = Mean time per level.
                   A        B        C        D        E       F      G
               +--------+--------+--------+--------+--------+-----+--------+
         Total |    783 |    783 |      0 |    229 |    279 |   1 |  783.0 |
       Dungeon |    783 |    783 |      0 |    229 |    279 |   1 |  783.0 |
               +--------+--------+--------+--------+--------+-----+--------+

Top non-repeatable levels by time:
     D:1: 783 daAuts
